 Dungeon Crawl Stone Soup version 0.28-a0-1510-gd0f6b136d3 (webtiles) character file.

Game seed: 6138462346122295550

16 mopl the Insei (level 2, 0/22 HPs)
             Began as a Djinni Transmuter on Jan 14, 2022.
             Slain by a kobold (5 damage)
             ... on level 1 of the Dungeon.
             The game lasted 00:01:58 (546 turns).

mopl the Insei (Djinni Transmuter)                   Turns: 546, Time: 00:01:59

Health: 0/22       AC:  2    Str:  9    XL:     2   Next: 75%
Gold:   34         EV: 12    Int: 14    God:
                   SH:  0    Dex: 13

rFire   + + .      SeeInvis .     - Unarmed
rCold   x . .      Faith    .   (no shield)
rNeg    . . .      Spirit   .   a - +0 robe
rPois   ∞          Reflect  .   (helmet currently unavailable)
rElec   .          Harm     .   (no cloak)
rCorr   .          Rampage  .   (no gloves)
Will    .....                   (boots unavailable)
Stlth   +.........              (no amulet)
HPRegen 0.07/turn               (no ring)
MPRegen 0.00/turn               (no ring)

@: appendages (expiring), wereblooded, flying
A: horns 2, flying, sickness immunity, fire resistance 2, cold vulnerability 1,
float, innate caster, hp casting, extra vitality 1
a: End Transformation


You were on level 1 of the Dungeon.
You had temporarily grown beastly horns.
You visited 1 branch of the dungeon, and saw 1 of its levels.

You collected 34 gold pieces.

Inventory:

Armour
 a - a +0 robe (worn)


   Skills:
 + Level 1.4 Fighting
 - Level 2.1 Dodging
 * Level 3.4 Unarmed Combat
 + Level 1.8 Spellcasting


You couldn't memorise any spells.
You knew the following spells:

 Your Spells              Type           Power      Damage    Failure   Level
a - Beastly Appendage     Tmut           12%        N/A       12%         1
b - Spider Form           Tmut/Pois      6%         N/A       34%         3
c - Ice Form              Ice/Tmut       6%         N/A       75%         4
w - Wereblood             Tmut           6%         N/A       17%         2
Your spell library was empty.

Dungeon Overview and Level Annotations

Branches:
Dungeon (1/15)

Altars:


Innate Abilities, Weirdness & Mutations

You have temporarily grown beastly horns.
You are flying.
You are immune to sickness and miasma.
You are immune to poison.
Your flesh is very heat resistant. (rF++)
You are vulnerable to cold. (rC-)
You float through the air rather than walking.
You learn spells naturally, not from books.
Your magical power is your life essence.
You have superior vitality. (+4 MHP)


Message History

You start resting.
A kobold comes into view. It is wielding a +0 short sword.
A kobold is nearby!
Casting: Beastly Appendage (safe; 12% risk of failure)
Confirm with . or Enter, or press ? or * to list all spells.
You grow a pair of large bovine horns.
The kobold shouts!
You hear a shout!
A rat comes into view.
The kobold throws a stone.
The stone misses you.
A kobold comes into view. It is wielding a +0 hand axe.
Found 14 gold pieces, an amethyst potion and a whip.
The kobold shouts!
A giant cockroach comes into view.
The kobold throws a stone.
The stone barely misses you.
You barely miss the kobold. The kobold hits you with a +0 hand axe.
You closely miss the kobold. You closely miss the kobold.
The kobold hits you with a +0 hand axe.
You are too injured to fight recklessly!
Casting: Beastly Appendage (safe; 12% risk of failure)
Confirm with . or Enter, or press ? or * to list all spells.
Your blood is infused with primal strength.
The kobold hits you with a +0 hand axe.
You closely miss the kobold. You headbutt the kobold.
You feel a bit better.
You kill the kobold!
A bat comes into view.
The bat moves out of view.
You barely miss the rat.
Your transformation is almost over.
The rat bites you.
You hit the rat.
You feel a bit better.
You kill the rat!
The kobold throws a stone.
The stone closely misses you.
The kobold hits you with a +0 short sword.
* * * LOW HITPOINT WARNING * * *
You see here a +0 hand axe.
You closely miss the kobold. The kobold barely misses you.
You hit the kobold but do no damage.
You howl as the wereblood boils in your veins!
The kobold hits you with a +0 short sword.
You die...

#................#
....∩..♣..∩..♣.._#
#...............#
#......).)......#
#.∩..∩†.8.....8###
####...###...###.## ..###
#..## #..###.#.#
......####..####.###.###.
......BK@...........## #.
#...##.###..####.#######.
# #. #..# #.# #.#.. .$
...# #.# #.##. ).! #..#
#.# ##..#. .##. #..# #.#
#.†... .. ## #.## #.#
#.##.. .. .# #.# ####..
#.# ##..#.


You could see a giant cockroach and a kobold.

Vanquished Creatures
  A dart slug (D:1)
  2 bats (D:1)
  2 endoplasms (D:1)
  A goblin (D:1)
  A hobgoblin (D:1)
  2 frilled lizards (D:1)
  2 kobolds (D:1)
  3 rats (D:1)
14 creatures vanquished.

Notes
Turn   | Place    | Note
-------+----------+-------------------------------------------
     0 | D:1      | mopl the Djinni Transmuter began the quest for the Orb.
     0 | D:1      | Reached XP level 1. HP: 17/17 MP: 0/0
    19 | D:1      | Found a faded altar of an unknown god.
   171 | D:1      | Reached XP level 2. HP: 9/22 MP: 0/0
   546 | D:1      | Slain by a kobold

Illustrated notes

Levels and vault maps discovered:
D:1:      ncdulo_halloftheorcs, layout_loops_ring,
          hellmonk_ecumenical_altar_arch_garden, minmay_misc_feat_rugged,
          minmay_pentomino_p4

Action                   || total
-------------------------++-------
Melee: Unarmed           ||    38
       Headbutt          ||     4
 Cast: Beastly Appendage ||     3
       Wereblood         ||     1
Armor: Robe              ||     5
Dodge: Dodged            ||    15

Table legend: (Time is in decaauts)
 A = Elapsed time spent in this place.
 B = Non-inter-level travel time spent in this place.
 C = Inter-level travel time spent in this place.
 D = Time resting spent in this place.
 E = Time spent auto-exploring this place.
 F = Levels seen in this place.
 G = Mean time per level.
                   A        B        C        D        E       F      G
               +--------+--------+--------+--------+--------+-----+--------+
         Total |    543 |    543 |      0 |    295 |    168 |   1 |  543.0 |
       Dungeon |    543 |    543 |      0 |    295 |    168 |   1 |  543.0 |
               +--------+--------+--------+--------+--------+-----+--------+

Top non-repeatable levels by time:
     D:1: 543 daAuts
